 Dungeon Crawl Stone Soup version 0.28-a0-1415-g7c84da036a (webtiles) character file.

Game seed: 5856828918697250530

114 snetch the Magician (level 5, -2/35 HPs)
             Began as a Djinni Fire Elementalist on Jan 7, 2022.
             Was a Follower of Makhleb.
             Slain by Grinder (6 damage)
             ... while paralysed by Grinder
             ... on level 3 of the Dungeon.
             The game lasted 00:05:06 (2129 turns).

snetch the Magician (Djinni Fire Elementalist)      Turns: 2129, Time: 00:05:07

Health: -2/35      AC:  2    Str:  7    XL:     5   Next: 18%
Gold:   65         EV:  2    Int: 18    God:    Makhleb [*.....] SH:  0 Dex: 14

rFire   + + .      SeeInvis .   d - +0 dagger
rCold   x . .      Faith    .   (no shield)
rNeg    . . .      Spirit   .   a - +0 robe
rPois   ∞          Reflect  .   (no helmet)
rElec   .          Harm     .   (no cloak)
rCorr   .          Rampage  .   (no gloves)
Will    .....                   (boots unavailable)
Stlth   ++........              (no amulet)
HPRegen 0.11/turn               i - +4 ring of evasion
MPRegen 0.00/turn               (no ring)

@: paralysed, flying
A: sickness immunity, fire resistance 2, cold vulnerability 1, float, innate
caster, hp casting, extra vitality 1
a: Renounce Religion


You were on level 3 of the Dungeon.
You worshipped Makhleb.
Makhleb was aware of your devotion.
You visited 1 branch of the dungeon, and saw 3 of its levels.

You collected 65 gold pieces.

Inventory:

Hand Weapons
 d - a +0 dagger (weapon)
Missiles
 g - 13 stones
Armour
 a - a +0 robe (worn)
Jewellery
 i - a +4 ring of evasion (left hand)
 k - a ring of protection from fire
Scrolls
 b - 2 scrolls of fog {unknown}
 e - a scroll of summoning {unknown}
 l - a scroll of immolation {unknown}
 m - a scroll of identify {unknown}
Potions
 c - a potion of attraction {unknown}
 f - a potion of heal wounds {unknown}
 h - a potion of resistance {unknown}
 j - a potion of degeneration {unknown}


   Skills:
 + Level 2.5 Dodging
 + Level 2.1 Stealth
 + Level 3.9 Spellcasting


You couldn't memorise any spells.
You knew the following spells:

 Your Spells              Type           Power      Damage    Failure   Level
a - Foxfire               Conj/Fire      68%        2x1d7     3%          1
b - Scorch                Fire           34%        2d7       4%          2
c - Conjure Flame         Conj/Fire      17%        6-21      9%          3
d - Inner Flame           Hex/Fire       17%        N/A       9%          3
e - Flame Wave            Conj/Fire      17%        2d5       28%         4
f - Animate Skeleton      Necr           34%        N/A       3%          1
g - Searing Ray           Conj           34%        2d5       4%          2
Your spell library was empty.

Dungeon Overview and Level Annotations

Branches:
Dungeon (3/15)

Altars:
Makhleb
Beogh

Shops:
D:1 :

Annotations:
D:3 Grinder


Innate Abilities, Weirdness & Mutations

You are immune to sickness and miasma.
You are immune to poison.
Your flesh is very heat resistant. (rF++)
You are vulnerable to cold. (rC-)
You float through the air rather than walking.
You learn spells naturally, not from books.
Your magical power is your life essence.
You have superior vitality. (+4 MHP)


Message History

There is a stone staircase leading down here.
You fly downwards.
There is a stone staircase leading up here.
The orc shouts!
You fly upwards.
There is a stone staircase leading down here.
There is a stone staircase leading up here.
There is an escape hatch in the floor here.
There is a stone staircase leading down here.
You fly downwards.
Level annotation: Grinder
Found five items.
Found a stone staircase leading down.
There is a stone staircase leading up here.
m - a scroll labelled CUG ODYWARIF You now have 65 gold pieces (gained 10).
There is a stone staircase leading up here.
Grinder shouts!
Grinder gestures at you. Pain shoots through your body!
Casting: Scorch (safe; 4% risk of failure)
Confirm with . or Enter, or press ? or * to list all spells.
You can't see any susceptible monsters within range! (Use Z to cast anyway.)
Casting: Scorch (safe; 4% risk of failure)
Confirm with . or Enter, or press ? or * to list all spells.
Flames lash Grinder.
Grinder is lightly wounded.
Grinder's fire resistance burns away.
Casting: Scorch (safe; 4% risk of failure)
Confirm with . or Enter, or press ? or * to list all spells.
Flames lash Grinder.
Grinder is burned terribly!
Grinder is moderately wounded.
Grinder gestures at you.
You suddenly lose the ability to move!
Grinder hits you!
You writhe in agony.
Grinder hits you.
You writhe in agony.
Grinder gestures at you. Pain shoots through your body!
* * * LOW HITPOINT WARNING * * *
Grinder hits you.
You die...

#.###. ###.#..
######...#.#
.#######..[##...#.#
...........)......#
#...(............#
#................## .#
#.........<.......#
.######....5@...........#
......#.........##.>....#
........#############...#
......# ....# ....5..
##...# ####......# #...#
...<......# #...#
####......# #...# ......#
#...#


You could see Grinder (combustible).

Vanquished Creatures
  Natasha (twice) (D:2)
  3 adders (D:2)
  2 dart slugs (D:1)
  2 bats
  2 endoplasms (D:1)
  3 giant cockroaches (D:1)
  A goblin (D:2)
  3 hobgoblins (D:2)
  4 jackals (D:2)
  A kobold (D:2)
  3 quokkas
  2 ball pythons
  5 rats
33 creatures vanquished.

Vanquished Creatures (collateral kills)
  A kobold (D:2)
1 creature vanquished.

Vanquished Creatures (others)
  64 foxfires
64 creatures vanquished.

Grand Total: 98 creatures vanquished

Notes
Turn   | Place    | Note
-------+----------+-------------------------------------------
     0 | D:1      | snetch the Djinni Fire Elementalist began the quest for the
                  | Orb.
     0 | D:1      | Reached XP level 1. HP: 15/15 MP: 0/0
    72 | D:2      | Noticed Natasha
    79 | D:2      | Noticed a crimson imp
   429 | D:1      | Reached XP level 2. HP: 17/21 MP: 0/0
   701 | D:1      | Found a faded altar of an unknown god.
   705 | D:1      | Prayed at the altar of an unknown god.
   705 | D:1      | Became a worshipper of Makhleb the Destroyer
   705 | D:1      | Reached * piety under Makhleb
   929 | D:2      | Reached skill level 3 in Spellcasting
   929 | D:2      | Reached XP level 3. HP: 21/25 MP: 0/0
   929 | D:2      | Learned a level 1 spell: Animate Skeleton
  1119 | D:1      | Found Pourann's Book Shop.
  1242 | D:2      | Killed Natasha
  1243 | D:2      | Reached XP level 4. HP: 11/31 MP: 0/0
  1696 | D:2      | Noticed Natasha
  1698 | D:2      | Killed Natasha
  1699 | D:2      | Reached XP level 5. HP: 29/35 MP: 0/0
  1699 | D:2      | Learned a level 2 spell: Searing Ray
  2091 | D:3      | Noticed Grinder
  2125 | D:3      | Paralysed by Grinder for 5 turns
  2129 | D:3      | Slain by Grinder

Illustrated notes

Levels and vault maps discovered:
D:1:      dpeg_arrival_erosion, layout_loops_ring,
          hellmonk_ecumenical_altar_defaced_shrine, serial_shops, shop
D:2:      kb_forest_paths, layout_rooms, serial_aquarium,
          aquarium_bridge_long_joined [aquarium_subvault_wall,
          aquarium_subvault_balcony, aquarium_subvault_bridge,
          aquarium_subvault_bridge, aquarium_subvault_wall,
          aquarium_subvault_window], aquarium_bridge_island_small
          [aquarium_subvault_small_open, aquarium_subvault_wall,
          aquarium_subvault_window, aquarium_subvault_wall,
          aquarium_subvault_bridge], aquarium_window_1, aquarium_window_1,
          aquarium_window_fake, aquarium_window_1, aquarium_view_2d,
          uniq_sigmund, uniq_natasha
D:3:      layout_rooms, st_stairs_7, uniq_grinder

Skill      XL: |  1  2  3  4 |
---------------+-------------+-----
Spellcasting   | 3 |  3.9
Stealth        | 2 |  2.1
Dodging        | |  2.5

Action                   |  1- 3 |  4- 6 || total
-------------------------+-------+-------++-------
Melee: Dagger            |     1 |       ||     1
 Cast: Foxfire           |    43 |       ||    43
       Scorch            |     4 |    25 ||    29
       Animate Skeleton  |       |     5 ||     5
 Stab: Sleeping          |     1 |       ||     1
Armor: Robe              |     1 |       ||     1
Dodge: Dodged            |    10 |     6 ||    16

Table legend: (Time is in decaauts)
 A = Elapsed time spent in this place.
 B = Non-inter-level travel time spent in this place.
 C = Inter-level travel time spent in this place.
 D = Time resting spent in this place.
 E = Time spent auto-exploring this place.
 F = Levels seen in this place.
 G = Mean time per level.
                   A        B        C        D        E       F      G
               +--------+--------+--------+--------+--------+-----+--------+
         Total |   2142 |   2142 |      0 |      0 |   1731 |   3 |  714.0 |
       Dungeon |   2142 |   2142 |      0 |      0 |   1731 |   3 |  714.0 |
               +--------+--------+--------+--------+--------+-----+--------+

Top non-repeatable levels by time:
     D:1: 1188 daAuts
     D:2: 927 daAuts
     D:3: 26 daAuts
